 Dungeon Crawl Stone Soup version 0.21.1-1-g345015f (console) character file.

1298 erker the Changer (level 8, -1/62 HPs)
             Began as an Octopode Transmuter on Apr 5, 2018.
             Was a Follower of Cheibriados.
             Slain by a centaur zombie (2 damage)
             ... on level 6 of the Dungeon.
             The game lasted 00:27:24 (5273 turns).

erker the Changer (Octopode Transmuter)             Turns: 5273, Time: 00:27:25

Health: -1/62      AC:  6    Str: 12    XL:     8   Next: 56%
Magic:  9/12       EV: 10    Int: 19    God:    Cheibriados [*.....]
Gold:   248        SH:  0    Dex: 14    Spells: 3/13 levels left

rFire    x . .     SeeInvis .     - Unarmed
rCold    + + +     Gourm    .   (shield currently unavailable)
rNeg     . . .     Faith    .   (helmet currently unavailable)
rPois    +         Spirit   .   (no amulet)
rElec    .         Reflect  .   m - ring of flight
rCorr    .         Harm     .   (no ring)
MR       .....                  (no ring)
Stlth    +.........             (no ring)
HPRegen  0.20/turn              (no ring)
MPRegen  0.13/turn              (no ring)
                                (no ring)
                                (no ring)

@: ice-form, very slow
A: large, almost no armour, stealthy swim, amphibious, 8 rings, (constrict 8)
a: End Transformation, Bend Time, Renounce Religion, Evoke Flight


You were on level 6 of the Dungeon.
You worshipped Cheibriados.
Cheibriados was aware of your devotion.
You were hungry.
You were a creature of crystalline ice.
You visited 2 branches of the dungeon, and saw 7 of its levels.

You collected 248 gold pieces.

Inventory:

Missiles
 a - 74 arrows
 f - 41 bolts
 p - 9 tomahawks (quivered)
Jewellery
 m - a ring of flight (left front paw)
Wands
 d - a wand of scattershot (6)
Scrolls
 e - 2 scrolls of blinking {unknown}
 g - 2 scrolls of magic mapping {unknown}
 h - a scroll of enchant armour {unknown}
 i - a scroll of noise {unknown}
 j - a scroll of fear {unknown}
 n - 4 scrolls of teleportation {unknown}
 o - a scroll of immolation {unknown}
 r - 5 scrolls of identify
 t - a scroll of remove curse {unknown}
Potions
 k - a potion of agility {unknown}
 l - 2 potions of flight
Books
 b - a book of Changes

   Spells                             Type                      Level
   a - Beastly Appendage              Transmutation                1
   b - Sticks to Snakes               Transmutation                2
   c - Spider Form                    Transmutation/Poison         3
   d - Ice Form                       Ice/Transmutation            4
   e - Blade Hands                    Transmutation                5
 q - a book of Callings

   Spells                             Type                      Level
   a - Summon Small Mammal            Summoning                    1
   b - Call Imp                       Summoning                    2
   c - Call Canine Familiar           Summoning                    3
   d - Summon Guardian Golem          Hexes/Summoning              3
   e - Summon Lightning Spire         Summoning/Air                4
   f - Summon Ice Beast               Ice/Summoning                4
Comestibles
 c - 9 rations
 u - 10 chunks of flesh


   Skills:
 + Level 3.0 Fighting
 - Level 2.0 Dodging
 + Level 5.4 Unarmed Combat
 - Level 3.0 Spellcasting
 + Level 6.6 Transmutations
 * Level 4.3 Ice Magic
 - Level 2.0 Poison Magic


You had 3 spell levels left.
You knew the following spells:

 Your Spells              Type           Power        Failure   Level  Hunger
a - Beastly Appendage     Tmut           ####..       1%          1    None
s - Spider Form           Tmut/Pois      ###.......   8%          3    ###....
t - Sticks to Snakes      Tmut           ####....     1%          2    ##.....
y - Ice Form              Ice/Tmut       ###.....     16%         4    ####...


Dungeon Overview and Level Annotations

Branches:
Dungeon (6/15)             Temple (1/1) D:4

Altars:
Ashenzari
Cheibriados
Dithmenos
Elyvilon
Kikubaaqudgha
Makhleb
Nemelex Xobeh
Okawaru
Qazlal
Ru
Sif Muna
Trog
Xom
Yredelemnul
Zin
The Shining One

Shops:
D:4 }

Annotations:
D:2 Sigmund
D:4 Edmund


Innate Abilities, Weirdness & Mutations

You cannot wear most types of armour.
You are very stealthy in the water. (Stealth+)
You are amphibious.
You can wear up to eight rings at the same time.
((You can use your tentacles to constrict eight enemies at once.))
((Your skin changes colour to match your surroundings (Stealth+).))
((Your rubbery body absorbs attacks. (AC +1, EV +1)))


Message History

* * * LOW HITPOINT WARNING * * *
The centaur zombie hits you but does no damage.
You punch the orc priest! You freeze the orc priest.
You kill the orc priest!
Cheibriados appreciates the change of pace.
The centaur zombie hits you.
* * * LOW HITPOINT WARNING * * *
The centaur zombie hits you.
* * * LOW HITPOINT WARNING * * *
You see here a dagger.
You feel better.
The orc priest invokes the aid of Beogh against you.
Beogh smites you!
* * * LOW HITPOINT WARNING * * *
The centaur zombie hits you.
* * * LOW HITPOINT WARNING * * *
You hit the centaur zombie.
The centaur zombie is lightly damaged.
The centaur zombie hits you.
You die...

#....).. . ........# #
.# #...##.#.##.#.#
#...##.)†[#...# #.
#...#..<)...#
##..######...#....[#...#
.......o.....#........##
......)Z.....#.##.#####
#..#####Y....#.##.#
#...###.##.#
#..####.##.. #..#
#..#### #..# #.## #..#
#.# #..# #.#
.####..###.#
............#


You could see an orc priest and a centaur zombie.

Vanquished Creatures
  Eustachio (D:5)
  2 ogres
  A bullfrog (D:6)
  A scorpion (D:4)
  4 crimson imps
  2 hounds (D:5)
  5 orc priests
  8 orc wizards
  Ijyb (D:4)
  2 iguanas
  A worker ant (D:4)
  Robin (D:2)
  6 adders (D:3)
  A shadow imp (D:5)
  An ooze (D:5)
  A worm (D:3)
  5 dart slugs
  3 leopard geckos
  18 orcs
  3 ball pythons
  2 giant cockroaches
  17 goblins
  12 hobgoblins
  11 jackals
  9 kobolds
  A quokka (D:6)
  4 bats
  A frilled lizard (D:1)
  6 rats
  A spectral orc (D:2)
131 creatures vanquished.

Vanquished Creatures (collateral kills)
  An orc (D:3)
1 creature vanquished.

Grand Total: 132 creatures vanquished

Notes
Turn   | Place    | Note
-------+----------+-------------------------------------------
     0 | D:1      | erker the Octopode Transmuter began the quest for the Orb.
     0 | D:1      | Reached XP level 1. HP: 13/13 MP: 3/3
    43 | D:1      | Reached XP level 2. HP: 9/18 MP: 3/5
    49 | D:1      | Learned a level 2 spell: Sticks to Snakes
   497 | D:1      | Reached XP level 3. HP: 10/23 MP: 6/6
   502 | D:1      | Learned a level 3 spell: Spider Form
  1090 | D:2      | Noticed Robin
  1098 | D:2      | Killed Robin
  1101 | D:2      | Noticed Sigmund
  1326 | D:2      | Reached XP level 4. HP: 27/28 MP: 7/7
  1366 | D:2      | Found a basalt altar of Yredelemnul.
  1711 | D:3      | Reached skill level 1 in Poison Magic
  1984 | D:3      | Reached skill level 3 in Transmutations
  1984 | D:3      | Reached XP level 5. HP: 8/33 MP: 5/8
  2473 | D:3      | Learned a level 4 spell: Ice Form
  2683 | D:3      | Reached skill level 1 in Ice Magic
  2683 | D:3      | Reached XP level 6. HP: 5/39 MP: 7/10
  2983 | D:3      | Found a shadowy altar of Dithmenos.
  3234 | D:3      | Reached skill level 4 in Transmutations
  3644 | D:4      | Noticed Edmund
  3667 | D:4      | Noticed Ijyb
  3670 | D:4      | Found a staircase to the Ecumenical Temple.
  3691 | D:4      | Killed Ijyb
  3691 | D:4      | Reached XP level 7. HP: 40/45 MP: 5/11
  3710 | Temple   | Entered the Ecumenical Temple
  3863 | Temple   | Became a worshipper of Cheibriados the Contemplative
  4013 | D:4      | Reached skill level 5 in Transmutations
  4216 | D:4      | Found Ujupa's Gadget Emporium.
  4270 | D:4      | Found a burning altar of Makhleb.
  4359 | D:5      | Entered Level 5 of the Dungeon
  4471 | D:5      | Reached XP level 8. HP: 27/51 MP: 12/12
  4774 | D:5      | Reached skill level 6 in Transmutations
  4912 | D:5      | Noticed Eustachio
  4937 | D:5      | Killed Eustachio
  4937 | D:5      | Reached skill level 5 in Unarmed Combat
  5059 | D:6      | Reached * piety under Cheibriados
  5272 | D:6      | HP: 3/62 [orc priest/divine providence (12)]
  5272 | D:6      | HP: 1/62 [centaur zombie (2)]
  5273 | D:6      | Slain by a centaur zombie

Skill      XL: |  1  2  3  4  5  6  7  8 |
---------------+-------------------------+-----
Unarmed Combat | 4 5 |  5.4
Poison Magic   | 1 2 |  2.0
Transmutations | 3 4 5 6 |  6.6
Spellcasting   | 3 |  3.0
Ice Magic      | 1 2 3 4 |  4.3
Fighting       | 2 3 |  3.0
Dodging        | |  2.0

Action                   |  1- 3 |  4- 6 |  7- 9 || total
-------------------------+-------+-------+-------++-------
Melee: Unarmed           |    63 |   169 |   101 ||   333
       Constrict         |    17 |    16 |     3 ||    36
       Tentacles         |    13 |    12 |     4 ||    29
       Kick              |     9 |    11 |     2 ||    22
Throw: Tomahawk          |       |     7 |       ||     7
 Cast: Beastly Appendage |    10 |    20 |     1 ||    31
       Spider Form       |     1 |    12 |     4 ||    17
       Sticks to Snakes  |       |     5 |       ||     5
       Ice Form          |       |       |     7 ||     7
  Use: Potion            |       |     3 |     1 ||     4
       Scroll            |       |     2 |       ||     2
 Stab: Sleeping          |     4 |     3 |     1 ||     8
  Eat: Chunk             |       |    11 |     7 ||    18
Armor: Skin              |     6 |     5 |    25 ||    36
Dodge: Dodged            |    37 |   122 |    67 ||   226
